 Dungeon Sprint DCSS version 0.18.1-47-g9310371 (webtiles) character file.

113 rftp080 the Conjurer (level 4, -16/27 HPs)
             Began as a High Elf Air Elementalist on June 22, 2016.
             Was an Initiate of Sif Muna.
             Demolished by a hill giant
             ... wielding a +0 giant spiked club
              (43 damage)
             ... in the Dungeon (Sprint IX: "|||||||||||||||||||||||||||||").
             The game lasted 00:02:51 (232 turns).

rftp080 the Conjurer (High Elf Air Elementalist)     Turns: 232, Time: 00:02:52

Health: -16/27     AC:  9    Str:  7    XL:     4   Next: 65%
Magic:  7/12       EV: 13    Int: 20    God:    Sif Muna [......]
Gold:   0          SH:  0    Dex: 15    Spells: 4 memorised, 6 levels left

rFire  . . .     SeeInvis .     o - +2 scimitar (protect)
rCold  . . .     Gourm    .     a - +0 robe
rNeg   . . .     Faith    .     (no shield)
rPois  .         Spirit   .     (no helmet)
rElec  .         Dismiss  .     p - +0 cloak
rCorr  .         Reflect  .     (no gloves)
SustAt .         Harm     .     q - +0 pair of boots
MR     .....     NoTele   +     (no amulet)
Stlth  ++........               (no ring)
                                (no ring)

@: very slightly contaminated, repel missiles, invisible, not resistant to
hostile enchantments, unstealthy
A: no striking features
a: Renounce Religion


You were in the Dungeon.
You worshipped Sif Muna.
Sif Muna was noncommittal.
You were not hungry.

You visited 1 branch

Inventory:

Hand Weapons
 f - a +1 dagger of draining
 j - a +0 dagger
 o - a +2 scimitar of protection (weapon)
Armour
 a - a +0 robe (worn)
 p - a +0 cloak (worn)
 q - a +0 pair of boots (worn)
Magical Staves
 n - an uncursed staff of energy
Jewellery
 r - a +3 ring of dexterity
 s - a +3 ring of strength
Wands
 m - a wand of iceblast (7/15)
Scrolls
 i - 2 scrolls of blinking
 k - 3 scrolls of remove curse
 l - 2 scrolls of amnesia
Potions
 e - 2 potions of heal wounds
 g - 3 potions of magic
 h - 4 potions of curing
Books
 b - a book of Air

   Spells                             Type                      Level
   a - Shock                          Conjuration/Air              1
   b - Swiftness                      Charms/Air                   2
   c - Repel Missiles                 Charms/Air                   2
   d - Static Discharge               Conjuration/Air              3
   e - Lightning Bolt                 Conjuration/Air              5
Comestibles
 c - a bread ration


   Skills:
 - Level 2.3 Dodging
 - Level 2.3 Stealth
 + Level 5.5 Spellcasting
 * Level 6.9 Conjurations
 + Level 6.8 Air Magic
 + Level 0.0 Invocations


You had 6 spell levels left.
You knew the following spells:

 Your Spells              Type           Power        Failure   Level  Hunger
a - Shock                 Conj/Air       ####         1%          1    None
b - Static Discharge      Conj/Air       ####....     1%          3    ##.....
c - Swiftness             Chrm/Air       ###.....     4%          2    None
d - Repel Missiles        Chrm/Air       ###...       4%          2    None


Dungeon Overview and Level Annotations

Branches:
Dungeon (1/1)

Altars:
Cheibriados
Dithmenos
Elyvilon
Fedhas
Gozag
Kikubaaqudgha
Makhleb
Nemelex Xobeh
Okawaru
Pakellas
Qazlal
Ru
Sif Muna
Trog
Vehumet
Xom
Yredelemnul
Zin
The Shining One
Beogh
Jiyva
Lugonu


Message History

The zap hits the yak.
The yak is lightly wounded.
The zap hits the wasp.
The wasp is lightly wounded.
The zap hits the hound.
The hound is heavily wounded.
The hill giant misses you.
Casting: Shock
Confirm with . or Enter, or press ? or * to list all spells.
The hill giant is struck by lightning.
The hill giant is lightly wounded.
The lightning arcs!
The ogre is struck by lightning.
The ogre is heavily wounded.
The lightning arcs!
The hill giant is struck by lightning.
The hill giant is moderately wounded.
The lightning grounds out.
The hound stops to sniff the ground.
The hill giant hits you with a giant spiked club!!!
Ouch! That really hurt!
You die... ▓▓▓▓▓▓▓▓▓▓▓▓▓▓▓▓▓▓▓▓▓▓▓▓ hyY.cOC@.[..)...'_______ ▓▓▓▓▓▓▓▓▓▓▓▓▓▓▓▓▓▓▓▓▓▓▓▓

You could see a hill giant, a yak (wandering), an ogre, a wasp (wandering), a centaur and a hound.

Vanquished Creatures
  A crimson imp (D)
  2 orc wizards (D)
  2 shadow imps (D)
  A hobgoblin (D)
  2 kobolds (D)
  A bat (D)
  A goblin (D)
10 creatures vanquished.

Notes
Turn   | Place    | Note
--------------------------------------------------------------
     0 | D        | rftp080 the High Elf Air Elementalist began the quest for the Orb.
     0 | D        | Reached XP level 1. HP: 11/11 MP: 4/4
    42 | D        | Noticed an orc wizard
    42 | D        | Noticed an orc wizard
    42 | D        | Noticed a crimson imp
    50 | D        | Reached XP level 2. HP: 14/17 MP: 5/7
    51 | D        | Reached skill level 5 in Air Magic
    51 | D        | Reached skill level 5 in Conjurations
    51 | D        | Reached XP level 3. HP: 18/21 MP: 5/10
    52 | D        | Reached skill level 5 in Spellcasting
    52 | D        | Reached XP level 4. HP: 23/27 MP: 4/12
   111 | D        | Found a glowing silver altar of Zin.
   111 | D        | Found a glowing golden altar of the Shining One.
   111 | D        | Found an ancient bone altar of Kikubaaqudgha.
   111 | D        | Found a basalt altar of Yredelemnul.
   111 | D        | Found a shimmering altar of Xom.
   111 | D        | Found a radiant altar of Vehumet.
   112 | D        | Found an iron altar of Okawaru.
   113 | D        | Found a burning altar of Makhleb.
   122 | D        | Found a deep blue altar of Sif Muna.
   123 | D        | Found a bloodstained altar of Trog.
   124 | D        | Found a sparkling altar of Nemelex Xobeh.
   130 | D        | Found a white marble altar of Elyvilon.
   131 | D        | Found a roughly hewn altar of Beogh.
   132 | D        | Found a viscous altar of Jiyva.
   133 | D        | Found a corrupted altar of Lugonu.
   134 | D        | Found a blossoming altar of Fedhas.
   135 | D        | Became a worshipper of Sif Muna the Loreminder
   136 | D        | Found a snail-covered altar of Cheibriados.
   137 | D        | Found a shadowy altar of Dithmenos.
   138 | D        | Found a stormy altar of Qazlal.
   139 | D        | Found an opulent altar of Gozag.
   140 | D        | Found a sacrificial altar of Ru.
   141 | D        | Found an oddly glowing altar of Pakellas.
   185 | D        | Learned a level 3 spell: Static Discharge
   188 | D        | Learned a level 2 spell: Swiftness
   191 | D        | Learned a level 2 spell: Repel Missiles
   228 | D        | Noticed a wasp
   228 | D        | Noticed a yak
   228 | D        | Noticed a centaur
   228 | D        | Noticed an ogre
   228 | D        | Noticed a hill giant
   232 | D        | Demolished by a hill giant

Skill      XL: |  1  2  3 |
---------------+----------+-----
Air Magic      | 4 5 6 |  6.8
Spellcasting   | 3 4 5 |  5.5
Conjurations   | 3 5 6 |  6.9
Dodging        | |  2.3
Stealth        | |  2.3

Action                   |  1- 3 |  4- 6 || total
-------------------------+-------+-------++-------
Melee: Dagger            |       |    36 ||    36
 Cast: Shock             |     9 |    15 ||    24
       Repel Missiles    |       |     1 ||     1
       Static Discharge  |       |     1 ||     1
  Use: Potion            |     2 |     4 ||     6
Armor: Robe              |     2 |       ||     2
Dodge: Dodged            |     3 |    20 ||    23
